 Dungeon Crawl Stone Soup version 0.27-a0-1280-g9d2d252d84 (webtiles) character file.

Game seed: 1050983449599982901

45 Glokmah the Shield-Bearer (level 3, 0/29 HPs)
             Began as a Formicid Fighter on June 13, 2021.
             Was a Believer of Uskayaw.
             Killed from afar by Natasha (7 damage)
             ... with a magic dart
             ... on level 2 of the Dungeon.
             The game lasted 00:01:47 (1330 turns).

Glokmah the Shield-Bearer (Formicid Fighter)        Turns: 1330, Time: 00:01:47

Health: 0/29       AC: 12    Str: 20    XL:     3   Next: 90%
Magic:  3/3        EV:  8    Int:  7    God:    Uskayaw [**....]
Gold:   0          SH:  9    Dex: 11    Spells: 2/2 levels left

rFire    . . .     SeeInvis +   a - +0 war axe
rCold    . . .     Faith    .   c - +0 kite shield
rNeg     . . .     Spirit   .   b - +0 scale mail
rPois    .         Reflect  .   (helmet unavailable)
rElec    .         Harm     .   (no cloak)
rCorr    .         Rampage  .   j - +0 pair of gloves
Will     .....                  (no boots)
Stlth    ..........             (no amulet)
HPRegen  0.09/turn              i - +4 ring of protection
MPRegen  0.08/turn              (no ring)

@: no status effects
A: permanent stasis, dig shafts and tunnels, antennae 3, four strong arms
a: Dig, Shaft Self, Renounce Religion, Stomp, Line Pass


You were on level 2 of the Dungeon.
You worshipped Uskayaw.
Uskayaw was noncommittal.
You visited 1 branch of the dungeon, and saw 2 of its levels.

Inventory:

Hand Weapons
 a - a +0 war axe (weapon)
Missiles
 e - 84 stones
Armour
 b - a +0 scale mail (worn)
 c - a +0 kite shield (worn)
 j - a +0 pair of gloves (worn)
Jewellery
 i - a +4 ring of protection (left hand)
Scrolls
 g - a scroll of identify {unknown}
Potions
 d - a potion of might
 f - 2 potions of experience {unknown}
 h - a potion of curing {unknown}


   Skills:
 + Level 3.6 Fighting
 * Level 2.9 Axes
 - Level 3.2 Armour
 * Level 4.4 Shields
 * Level 0.5 Invocations


You had 2 spell levels left.
You didn't know any spells.
Your spell library was empty.

Dungeon Overview and Level Annotations

Branches:
Dungeon (2/15)

Altars:
Uskayaw

Shops:
D:1 (

Annotations:
D:2 Natasha


Innate Abilities, Weirdness & Mutations

You cannot be hasted, slowed, berserked, paralysed or teleported.
You can dig through walls and to a lower floor.
You have a pair of large antennae on your head. (SInv)
Your four strong arms can wield two-handed weapons with a shield.


Message History

Natasha closely misses you.
The kobold hits you with a +0 short sword.
You closely miss Natasha. You barely miss the kobold.
Natasha claws you but does no damage. You block the kobold's attack.
You block Natasha's attack.
You hit Natasha.
Natasha is lightly wounded.
You slash the kobold!
You kill the kobold!
You block Natasha's attack.
You miss Natasha.
Natasha is lightly wounded.
You block Natasha's attack.
A goblin comes into view. It is wielding a +0 club.
Natasha stares at you and mumbles some strange words.
The magic dart hits you!
You closely miss Natasha.
Natasha is lightly wounded.
The goblin shouts!
Natasha closely misses you.
You barely miss Natasha.
Natasha is lightly wounded.
Natasha claws you! Natasha claws you but does no damage.
You slash Natasha!
Natasha is almost dead.
You block Natasha's attack.
You can now pass through a line of other dancers.
You closely miss Natasha.
Natasha is severely wounded.
You completely miss the goblin. Natasha claws you!
* * * LOW HITPOINT WARNING * * *
You block the goblin's attack.
Natasha casts a spell.
You miss Natasha.
Natasha is severely wounded.
You slash the goblin!
You kill the goblin!
Natasha casts a spell at you. The magic dart hits you!
You die...

#.# #.K ##. #.. #.
#.. ###. ... ...
##.. #.. #..# #..
.# #5)######..#
#.#@)......#
#.h##.....##
.......###.######.
######.#..........
#.#.#.#######
#.#.#.# ####<..#.#
#......#.#
#.##.#.#.#


You could see Natasha and a crimson imp (summoned).

Vanquished Creatures
  An adder (D:1)
  A dart slug (D:1)
  5 ball pythons (D:1)
  A bat (D:1)
  3 endoplasms (D:1)
  A giant cockroach (D:1)
  5 goblins
  4 hobgoblins
  3 jackals (D:1)
  3 kobolds
  A quokka (D:1)
  A frilled lizard (D:1)
  2 rats
31 creatures vanquished.

Notes
Turn   | Place    | Note
-------+----------+-------------------------------------------
     0 | D:1      | Glokmah the Formicid Fighter began the quest for the Orb.
     0 | D:1      | Reached XP level 1. HP: 18/18 MP: 1/1
   237 | D:1      | Reached XP level 2. HP: 17/24 MP: 2/2
   347 | D:1      | Reached skill level 4 in Shields
   446 | D:1      | Reached XP level 3. HP: 25/29 MP: 3/3
   659 | D:1      | Found a faded altar of an unknown god.
   676 | D:1      | Became a worshipper of Uskayaw the Reveller
   676 | D:1      | Reached * piety under Uskayaw
   708 | D:1      | Found Kodokk's Weapon Boutique.
   975 | D:1      | Reached ** piety under Uskayaw
  1315 | D:2      | Noticed Natasha
  1330 | D:2      | Killed from afar by Natasha

Illustrated notes

Levels and vault maps discovered:
D:1:      wander_arrival_desolate, layout_basic,
          ebering_ecumenical_altar_sacrificial, serial_shops, shop
D:2:      layout_loops_ring, uniq_natasha, uniq_robin, uniq_crazy_yiuf_cottage

Skill      XL: |  1  2 |
---------------+-------+-----
Shields        | 4 |  4.4
Fighting       | |  3.6
Axes           | |  2.9
Armour         | |  3.2
Invocations    | |  0.5

Action                   || total
-------------------------++-------
Melee: War axe           ||   112
Armor: Scale mail        ||    53
Dodge: Dodged            ||    45
Block: Kite shield       ||    68

Table legend: (Time is in decaauts)
 A = Elapsed time spent in this place.
 B = Non-inter-level travel time spent in this place.
 C = Inter-level travel time spent in this place.
 D = Time resting spent in this place.
 E = Time spent auto-exploring this place.
 F = Levels seen in this place.
 G = Mean time per level.
                   A        B        C        D        E       F      G
               +--------+--------+--------+--------+--------+-----+--------+
         Total |   1391 |   1239 |    152 |    312 |    622 |   2 |  695.5 |
       Dungeon |   1391 |   1239 |    152 |    312 |    622 |   2 |  695.5 |
               +--------+--------+--------+--------+--------+-----+--------+

Top non-repeatable levels by time:
     D:1: 1292 daAuts
     D:2: 99 daAuts
